 Dungeon Crawl Stone Soup version 0.19.4-10-g532645f (webtiles) character file.

1531 HeyBub the Cleaver (level 8, -3/71 HPs)
             Began as a Minotaur Monk on Feb 25, 2017.
             Was a Believer of Okawaru.
             Slain by a wight
             ... wielding a +3 dire flail
              (4 damage)
             ... on level 7 of the Dungeon.
             The game lasted 00:09:54 (5419 turns).

HeyBub the Cleaver (Minotaur Monk)                  Turns: 5419, Time: 00:09:55

Health: -3/71      AC:  5    Str: 18 (19) XL:     8   Next: 55%
Magic:  0/7        EV: 12    Int:  7      God:    Okawaru [**....]
Gold:   252        SH:  0    Dex: 12      Spells: 0 memorised, 7 levels left

rFire  . . .     SeeInvis .     a - +0 hand axe
rCold  + . .     Gourm    .     C - +1 leather armour {rC+}
rNeg   . . .     Faith    .     (no shield)
rPois  .         Spirit   +     (helmet restricted)
rElec  .         Reflect  .     (no cloak)
rCorr  .         Harm     .     (no gloves)
MR     .....                    l - +0 pair of boots
Stlth  +.........               y - amulet of guardian spirit
                                (no ring)
                                (no ring)

@: heavily drained
A: retaliatory headbutt, horns 2
a: Heroism, Renounce Religion


You were on level 7 of the Dungeon.
You worshipped Okawaru.
Okawaru was pleased with you.
You were not hungry.

You visited 2 branches of the dungeon, and saw 8 of its levels.
You also visited: Sewer.

You collected 252 gold pieces.

Inventory:

Hand Weapons
 a - a +0 hand axe (weapon)
Armour
 b - a +0 robe
 j - a +0 chain mail
 l - a +0 pair of boots (worn)
 C - a +1 leather armour of cold resistance (worn)
Jewellery
 y - an amulet of guardian spirit (around neck)
 F - a cursed ring of loudness {unknown}
Wands
 c - a wand of polymorph (6/24)
Scrolls
 g - 4 scrolls of identify
 h - a scroll of noise
 i - 4 scrolls of fear
 m - a scroll of enchant armour {unknown}
 o - a scroll of remove curse
 s - 2 scrolls of amnesia
 u - 2 scrolls of teleportation
 v - a scroll of fog {unknown}
 w - a scroll of blinking {unknown}
 B - a scroll of immolation {unknown}
 D - a scroll of enchant weapon {unknown}
Potions
 d - 2 potions of brilliance
 e - 4 potions of flight
 f - a potion of haste
 k - a potion of magic
 A - 2 potions of degeneration
Comestibles
 n - 2 meat rations
 p - 2 beef jerkies
 q - 3 fruits
 E - a slice of pizza


   Skills:
 + Level 6.7(3.7) Fighting
 + Level 9.3(6.1) Axes
 + Level 5.5(2.6) Armour
 + Level 5.2(2.4) Dodging
 + Level 2.2(0.0) Stealth


You had 7 spell levels left.
You didn't know any spells.

Dungeon Overview and Level Annotations

Branches:
Dungeon (7/15)             Temple (1/1) D:6

Altars:
Cheibriados
Dithmenos
Elyvilon
Fedhas
Gozag
Hepliaklqana
Kikubaaqudgha
Makhleb
Nemelex Xobeh
Okawaru
Ru
Uskayaw
Vehumet
Xom
Yredelemnul
The Shining One


Innate Abilities, Weirdness & Mutations

You reflexively headbutt those who attack you in melee.
You have a pair of horns on your head.


Message History

You hit the wight.
You destroy the wight!
Okawaru accepts your kill.
You feel your intelligence returning.
You hit the wight.
The wight is lightly damaged.
The wight hits you with an enchanted dire flail!
You feel drained.
* * * LOW HITPOINT WARNING * * *
You hit the wight but do no damage. You headbutt the wight.
The wight is moderately damaged.
The wight hits you with an enchanted dire flail!
* * * LOW HITPOINT WARNING * * *
Okay, then.
You barely miss the wight.
The wight is moderately damaged.
The wight hits you with an enchanted dire flail!
* * * LOW HITPOINT WARNING * * *
You feel drained.
You die...

### ## .. .. # #.
a# #.#.## .#
###...<##.#######
......zz..#.......
####....##.#
#.#.###z# #$#.
#@####.## . #.
#.....>.> #
#..........##
############


You could see a wight.

Vanquished Creatures
  Eustachio (D:6)
  A sky beast (D:5)
  A phantom (D:5)
  2 ogres
  2 centaurs
  7 wights
  2 crimson imps (D:6)
  A bullfrog zombie (D:6)
  A centaur skeleton (D:6)
  2 orc priests (D:5)
  A hound (D:4)
  Ijyb (D:3)
  An orc wizard (D:3)
  3 worker ants
  A hound skeleton (D:6)
  Robin (D:3)
  6 adders
  A river rat (D:4)
  2 oozes
  8 worms
  3 dart slugs
  5 leopard geckos
  18 orcs
  6 ball pythons
  A bat zombie (D:1)
  8 giant cockroaches
  11 goblins
  7 hobgoblins
  10 jackals
  6 kobolds
  2 quokkas
  15 bats
  7 frilled lizards
  2 giant cockroach zombies
  7 rats
153 creatures vanquished.

Notes
Turn   | Place    | Note
-------+----------+-------------------------------------------
     0 | D:1      | HeyBub the Minotaur Monk began the quest for the Orb.
     0 | D:1      | Reached XP level 1. HP: 19/19 MP: 0/0
    77 | D:1      | Reached XP level 2. HP: 27/27 MP: 1/1
   199 | D:1      | Reached skill level 4 in Axes
   312 | D:1      | Reached XP level 3. HP: 17/33 MP: 2/2
   877 | D:2      | Reached XP level 4. HP: 40/40 MP: 3/3
  1099 | D:2      | Found a sparkling altar of Nemelex Xobeh.
  1203 | D:2      | Reached skill level 5 in Axes
  1480 | D:3      | Reached skill level 1 in Armour
  1577 | D:3      | Noticed Robin
  1591 | D:3      | Killed Robin
  1591 | D:3      | Reached XP level 5. HP: 34/47 MP: 4/4
  2040 | D:3      | Noticed a centaur
  2072 | D:3      | Killed a centaur
  2072 | D:3      | Reached skill level 6 in Axes
  2072 | D:3      | Reached XP level 6. HP: 27/53 MP: 5/5
  2244 | D:3      | Noticed Ijyb
  2249 | D:3      | Killed Ijyb
  2343 | D:4      | Found a glowing drain.
  2369 | Sewer    | Entered a sewer
  2758 | D:4      | Found a sparkling altar of Nemelex Xobeh.
  3035 | D:4      | Reached skill level 5 in Fighting
  3419 | D:5      | Entered Level 5 of the Dungeon
  3469 | D:5      | Reached skill level 7 in Axes
  3695 | D:5      | Noticed a sky beast
  3707 | D:5      | Killed a sky beast
  3707 | D:5      | Reached XP level 7. HP: 34/61 MP: 2/6
  4034 | D:6      | Noticed Eustachio
  4055 | D:6      | Killed Eustachio
  4055 | D:6      | Reached skill level 8 in Axes
  4203 | D:6      | Reached skill level 5 in Armour
  4203 | D:6      | Reached XP level 8. HP: 21/70 MP: 2/7
  4405 | D:6      | Found a staircase to the Ecumenical Temple.
  4410 | Temple   | Entered the Ecumenical Temple
  4430 | Temple   | Became a worshipper of Warmaster Okawaru
  4430 | Temple   | Reached * piety under Okawaru
  4430 | Temple   | Reached ** piety under Okawaru
  4464 | D:6      | Found a shadowy altar of Dithmenos.
  4464 | D:6      | Found an ancient bone altar of Kikubaaqudgha.
  4464 | D:6      | Found a radiant altar of Vehumet.
  4464 | D:6      | Found a white marble altar of Elyvilon.
  4465 | D:6      | Found a radiant altar of Vehumet.
  4465 | D:6      | Found a sparkling altar of Nemelex Xobeh.
  4466 | D:6      | Found a basalt altar of Yredelemnul.
  4466 | D:6      | Found a shadowy altar of Dithmenos.
  4466 | D:6      | Found a hazy altar of Hepliaklqana.
  4466 | D:6      | Found a basalt altar of Yredelemnul.
  4466 | D:6      | Found a shadowy altar of Dithmenos.
  4466 | D:6      | Found a hide-covered altar of Uskayaw.
  4676 | D:6      | Reached skill level 5 in Dodging
  4688 | D:6      | Reached skill level 9 in Axes
  5419 | D:7      | HP: 1/71 [wight/enchanted dire flail (13)]
  5419 | D:7      | Slain by a wight

Skill      XL: |  1  2  3  4  5  6  7  8 |
---------------+-------------------------+-----
Axes           | 4 5 6 7 8 9 |  9.3
Fighting       | 4 5 6 |  6.7
Stealth        | 2 |  2.2
Armour         | 1 2 3 5 |  5.5
Dodging        | 4 5 |  5.2

Action                   |  1- 3 |  4- 6 |  7- 9 || total
-------------------------+-------+-------+-------++-------
Melee: Hand axe          |    76 |   257 |   196 ||   529
       Headbutt          |    10 |    52 |    41 ||   103
  Use: Scroll            |       |     4 |     2 ||     6
       Potion            |       |       |    16 ||    16
 Stab: Sleeping          |     4 |       |       ||     4
  Eat: Bread ration      |       |     2 |     2 ||     4
Armor: Robe              |     8 |       |       ||     8
       Chain mail        |    23 |   160 |       ||   183
       Leather armour    |       |     2 |    26 ||    28
       Skin              |       |       |     3 ||     3
Dodge: Dodged            |    39 |   114 |    69 ||   222
